| TOP OF THE 1ST |
|
Johnson City Cardinals batting - Pitching for Kingsport Mets : RHP Mark Paddock
|
|
Pitching: RHP Mark Paddock
|
|
|
Batting: RHB Juan Carrillo
|
0-0: Ball 1-0: Called Strike 1-1: Foul Ball, location: 2F 1-2: Ball 2-2: Strikes out swinging
|
|
Batting: RHB Kyle Burns
|
0-0: Ball 1-0: Ball 2-0: Ground out 5-3 (Groundball, 5L, EV 84.4 MPH)
|
|
Batting: SHB Justin Houser
|
0-0: Ball 1-0: Foul Ball, location: 2F 1-1: Foul Ball, location: 2F 1-2: Ball 2-2: Strikes out looking
|
| Top of the 1st over - 0 runs, 0 hits, 0 errors, 0 left on base; Johnson City 0 - Kingsport 0 |
| BOTTOM OF THE 1ST |
|
Kingsport Mets batting - Pitching for Johnson City Cardinals : RHP Jaquan Alston
|
|
Pitching: RHP Jaquan Alston
|
|
|
Batting: RHB Michael Youngberry
|
0-0: Swinging Strike 0-1: Foul Ball, location: 2F 0-2: Ball 1-2: Ball 2-2: Strikes out swinging
|
|
Batting: RHB Artyom Shavkunov
|
0-0: SINGLE (Flyball, 3D, EV 97.5 MPH)
|
|
Batting: SHB Tyler Maddux
|
0-0: Ball 1-0: Ball 2-0: Called Strike 2-1: Foul Ball, location: 2F 2-2: Strikes out swinging
|
|
Batting: SHB Nick Daigle
|
0-0: Ball 1-0: Swinging Strike 1-1: Ball 2-1: Called Strike 2-2: SINGLE (Flyball, 6MD, EV 85.0 MPH) Artyom Shavkunov to second
|
|
Batting: RHB Enrique Aguirre
|
0-0: Ball 1-0: Called Strike 1-1: Foul Ball, location: 2F 1-2: Strikes out swinging
|
| Bottom of the 1st over - 0 runs, 2 hits, 0 errors, 2 left on base; Johnson City 0 - Kingsport 0 |
| TOP OF THE 2ND |
|
Johnson City Cardinals batting - Pitching for Kingsport Mets : RHP Mark Paddock
|
|
Batting: LHB Ignacio Ocampo
|
0-0: Fly out, F9 (Flyball, 9D, EV 91.9 MPH)
|
|
Batting: SHB Justin Towry
|
0-0: Foul Ball, location: 2F 0-1: Ball 1-1: Ground out U3 (Groundball, 34S, EV 69.4 MPH)
|
|
Batting: RHB Jonathan Winkler
|
0-0: Ball 1-0: Ball 2-0: Ball 3-0: Called Strike 3-1: Base on Balls
|
|
Batting: RHB Chris Rouleau
|
0-0: Foul Ball, location: 2F 0-1: Ball Jonathan Winkler steals 2nd base 1-1: Swinging Strike 1-2: Ball 2-2: 2-RUN HOME RUN (Flyball, 78XD, EV 102.5 MPH), Distance : 400 ft
|
|
Batting: RHB Pablo Nunez
|
0-0: Fly out, F9 (Line Drive, 9S, EV 106.2 MPH)
|
| Top of the 2nd over - 2 runs, 1 hit, 0 errors, 0 left on base; Johnson City 2 - Kingsport 0 |
| BOTTOM OF THE 2ND |
|
Kingsport Mets batting - Pitching for Johnson City Cardinals : RHP Jaquan Alston
|
|
Batting: SHB Adonis Jones
|
0-0: Ball 1-0: Ground out U3 (Groundball, 3, EV 110.6 MPH)
|
|
Batting: RHB Chris Artz
|
0-0: Foul Ball, location: 2F 0-1: Swinging Strike 0-2: Foul Ball, location: 2F 0-2: Strikes out swinging
|
|
Batting: RHB Chris Graham
|
0-0: Ground out 6-3 (Groundball, 6, EV 83.1 MPH)
|
| Bottom of the 2nd over - 0 runs, 0 hits, 0 errors, 0 left on base; Johnson City 2 - Kingsport 0 |
| TOP OF THE 3RD |
|
Johnson City Cardinals batting - Pitching for Kingsport Mets : RHP Mark Paddock
|
|
Batting: RHB Geoff Musico
|
0-0: Ball 1-0: Fly out, F8 (Flyball, 8RXD, EV 110.0 MPH)
|
|
Batting: RHB Juan Carrillo
|
0-0: Called Strike 0-1: Ball 1-1: Ball 2-1: Foul Ball, location: 2F 2-2: Strikes out swinging
|
|
Pitching: RHP Jeremy Delka
|
|
|
Batting: RHB Kyle Burns
|
0-0: SINGLE (Line Drive, 6MD, EV 93.8 MPH)
|
|
Batting: SHB Justin Houser
|
0-0: Ball 1-0: Ball 2-0: Ball 3-0: Base on Balls Kyle Burns to second
|
|
Batting: LHB Ignacio Ocampo
|
0-0: Ball Wild Pitch! Kyle Burns to third Justin Houser to second 1-0: Ball 2-0: Ground out U3 (Groundball, 3L, EV 111.2 MPH)
|
| Top of the 3rd over - 0 runs, 1 hit, 0 errors, 2 left on base; Johnson City 2 - Kingsport 0 |
| BOTTOM OF THE 3RD |
|
Kingsport Mets batting - Pitching for Johnson City Cardinals : RHP Jaquan Alston
|
|
Batting: SHB Josh Thomson
|
0-0: Swinging Strike 0-1: Ball 1-1: Swinging Strike 1-2: Ball 2-2: Ball 3-2: Strikes out swinging
|
|
Batting: RHB Michael Youngberry
|
0-0: Called Strike 0-1: Ball 1-1: Called Strike 1-2: Strikes out looking
|
|
Batting: RHB Artyom Shavkunov
|
0-0: Ball 1-0: Foul Ball, location: 2F 1-1: Foul Ball, location: 2F 1-2: Ball 2-2: Ground out 5-3 (Groundball, 56, EV 81.2 MPH)
|
| Bottom of the 3rd over - 0 runs, 0 hits, 0 errors, 0 left on base; Johnson City 2 - Kingsport 0 |
| TOP OF THE 4TH |
|
Johnson City Cardinals batting - Pitching for Kingsport Mets : RHP Jeremy Delka
|
|
Batting: SHB Justin Towry
|
0-0: SINGLE (Groundball, 4D, EV 100.0 MPH)
|
|
Batting: RHB Jonathan Winkler
|
0-0: Ball 1-0: Ball Wild Pitch! Justin Towry to second 2-0: Swinging Strike 2-1: Ball 3-1: Foul Ball, location: 2F 3-2: Base on Balls
|
|
Batting: RHB Chris Rouleau
|
0-0: Called Strike 0-1: Ball Wild Pitch! Justin Towry to third Jonathan Winkler to second 1-1: Ground out 5-3 (Groundball, 56S, EV 83.1 MPH) Justin Towry scores
|
|
Batting: RHB Pablo Nunez
|
0-0: Ball Wild Pitch! Jonathan Winkler to third 1-0: Called Strike 1-1: Foul Ball, location: 2F 1-2: Ball 2-2: Ball 3-2: Fly out, F8 (Flyball, 8LXD, EV 93.1 MPH) Runner from 3rd tags up, SCORES, no throw by CF
|
|
Batting: RHB Geoff Musico
|
0-0: Ball 1-0: Called Strike 1-1: Called Strike 1-2: Strikes out looking
|
| Top of the 4th over - 2 runs, 1 hit, 0 errors, 0 left on base; Johnson City 4 - Kingsport 0 |
| BOTTOM OF THE 4TH |
|
Kingsport Mets batting - Pitching for Johnson City Cardinals : RHP Jaquan Alston
|
|
Batting: SHB Tyler Maddux
|
0-0: Fly out, F7 (Flyball, 7, EV 83.1 MPH)
|
|
Batting: SHB Nick Daigle
|
0-0: Foul Ball, location: 2F 0-1: Swinging Strike 0-2: Strikes out swinging
|
|
Batting: RHB Enrique Aguirre
|
0-0: Ball 1-0: Fly out, F3 (Line Drive, 3, EV 74.4 MPH)
|
| Bottom of the 4th over - 0 runs, 0 hits, 0 errors, 0 left on base; Johnson City 4 - Kingsport 0 |
| TOP OF THE 5TH |
|
Johnson City Cardinals batting - Pitching for Kingsport Mets : RHP Jeremy Delka
|
|
Batting: RHB Juan Carrillo
|
0-0: Ground out 5-3 (Groundball, 56, EV 106.9 MPH)
|
|
Batting: RHB Kyle Burns
|
0-0: Ball 1-0: Called Strike 1-1: Ball 2-1: Swinging Strike 2-2: Strikes out looking
|
|
Batting: SHB Justin Houser
|
0-0: Ball 1-0: Ball 2-0: Foul Ball, location: 2F 2-1: Ball 3-1: Foul Ball, location: 2F 3-2: Strikes out swinging
|
| Top of the 5th over - 0 runs, 0 hits, 0 errors, 0 left on base; Johnson City 4 - Kingsport 0 |
| BOTTOM OF THE 5TH |
|
Kingsport Mets batting - Pitching for Johnson City Cardinals : RHP Jaquan Alston
|
|
Batting: SHB Adonis Jones
|
0-0: Called Strike 0-1: Foul Ball, location: 2F 0-2: Strikes out swinging
|
|
Batting: RHB Chris Artz
|
0-0: Ground out 6-3 (Groundball, 6, EV 101.9 MPH)
|
|
Batting: RHB Chris Graham
|
0-0: Foul Ball, location: 2F 0-1: Called Strike 0-2: Ball 1-2: Ball 2-2: Strikes out swinging
|
| Bottom of the 5th over - 0 runs, 0 hits, 0 errors, 0 left on base; Johnson City 4 - Kingsport 0 |
| TOP OF THE 6TH |
|
Johnson City Cardinals batting - Pitching for Kingsport Mets : RHP Jeremy Delka
|
|
Batting: LHB Ignacio Ocampo
|
0-0: Ground out U3 (Groundball, 3, EV 103.1 MPH)
|
|
Batting: SHB Justin Towry
|
0-0: Ball 1-0: Ball 2-0: Ball 3-0: Base on Balls
|
|
Pitching: RHP Justin Williams
|
|
|
Batting: RHB Jonathan Winkler
|
0-0: Ball 1-0: Swinging Strike 1-1: Swinging Strike 1-2: Strikes out looking
|
|
Batting: RHB Chris Rouleau
|
0-0: Ball Pickoff Play to 1st, Runner tries for 2nd, OUT after rundown.
|
| Top of the 6th over - 0 runs, 0 hits, 0 errors, 0 left on base; Johnson City 4 - Kingsport 0 |
| BOTTOM OF THE 6TH |
|
Kingsport Mets batting - Pitching for Johnson City Cardinals : RHP Jaquan Alston
|
|
Batting: SHB Josh Thomson
|
0-0: Ball 1-0: Ball 2-0: Ball 3-0: Called Strike 3-1: Foul Ball, location: 2F 3-2: Ground out 4-3 (Groundball, 4, EV 86.2 MPH)
|
|
Batting: RHB Michael Youngberry
|
0-0: Ball 1-0: Foul Ball, location: 2F 1-1: Foul Ball, location: 2F 1-2: Ball 2-2: Ball 3-2: Foul Ball, location: 2F 3-2: Fly out, F7 (Flyball, 78M, EV 84.4 MPH)
|
|
Batting: RHB Artyom Shavkunov
|
0-0: Called Strike 0-1: Fly out, F9 (Line Drive, 89M, EV 87.5 MPH)
|
| Bottom of the 6th over - 0 runs, 0 hits, 0 errors, 0 left on base; Johnson City 4 - Kingsport 0 |
| TOP OF THE 7TH |
|
Johnson City Cardinals batting - Pitching for Kingsport Mets : RHP Justin Williams
|
|
Batting: RHB Chris Rouleau
|
0-0: Ball 1-0: Ball 2-0: Fly out, F7 (Flyball, 7, EV 81.9 MPH)
|
|
Batting: RHB Pablo Nunez
|
0-0: Ball 1-0: Foul Ball, location: 2F 1-1: Called Strike 1-2: Foul Ball, location: 2F 1-2: Ball 2-2: Ball 3-2: Strikes out swinging
|
|
Batting: RHB Geoff Musico
|
0-0: Ball 1-0: DOUBLE (Line Drive, 78M, EV 92.5 MPH)
|
|
Batting: RHB Juan Carrillo
|
0-0: Called Strike 0-1: Ball 1-1: Ground out 1-3 (Groundball, 13S, EV 71.9 MPH)
|
| Top of the 7th over - 0 runs, 1 hit, 0 errors, 1 left on base; Johnson City 4 - Kingsport 0 |
| BOTTOM OF THE 7TH |
|
Kingsport Mets batting - Pitching for Johnson City Cardinals : RHP Jaquan Alston
|
|
Batting: SHB Tyler Maddux
|
0-0: Fly out, F7 (Flyball, 7, EV 88.8 MPH)
|
|
Batting: SHB Nick Daigle
|
0-0: Called Strike 0-1: Ball 1-1: Ball 2-1: Foul Ball, location: 2F 2-2: TRIPLE (Line Drive, 78XD, EV 102.5 MPH)
|
|
Batting: RHB Enrique Aguirre
|
0-0: Called Strike 0-1: Ground out 6-3 (Groundball, 6, EV 85.6 MPH) Nick Daigle scores
|
|
Batting: SHB Adonis Jones
|
0-0: Called Strike 0-1: Ball 1-1: Ball 2-1: Ground out 5-3 (Groundball, 5, EV 105.0 MPH)
|
| Bottom of the 7th over - 1 run, 1 hit, 0 errors, 0 left on base; Johnson City 4 - Kingsport 1 |
| TOP OF THE 8TH |
|
Johnson City Cardinals batting - Pitching for Kingsport Mets : RHP Justin Williams
|
|
Batting: RHB Kyle Burns
|
0-0: Ground out U3 (Groundball, 34, EV 95.6 MPH)
|
|
Batting: SHB Justin Houser
|
0-0: Ball 1-0: Ball 2-0: DOUBLE (Line Drive, 9LS, EV 98.1 MPH)
|
|
Pitching: LHP Tony Diaz
|
|
|
Batting: LHB Ignacio Ocampo
|
0-0: Called Strike 0-1: SINGLE (Groundball, 6S, EV 63.1 MPH) (infield hit) Justin Houser to third
|
|
Batting: SHB Justin Towry
|
0-0: Foul Ball, location: 2F 0-1: Ball 1-1: SINGLE (Flyball, 3D, EV 94.4 MPH) Justin Houser scores Ignacio Ocampo to second
|
|
Batting: RHB Jonathan Winkler
|
0-0: Called Strike 0-1: Called Strike 0-2: Strikes out looking
|
|
Batting: RHB Chris Rouleau
|
0-0: Fielders Choice at 2nd, 6-4 (Groundball, 6, EV 100.0 MPH)
|
| Top of the 8th over - 1 run, 3 hits, 0 errors, 2 left on base; Johnson City 5 - Kingsport 1 |
| BOTTOM OF THE 8TH |
|
Kingsport Mets batting - Pitching for Johnson City Cardinals : RHP Jaquan Alston
|
|
Batting: RHB Chris Artz
|
0-0: Foul Ball, location: 2F 0-1: Swinging Strike 0-2: Strikes out looking
|
|
Pitching: RHP Nick Durham
|
|
|
Batting: RHB Chris Graham
|
0-0: Foul Ball, location: 2F 0-1: Called Strike 0-2: Foul Ball, location: 2F 0-2: Ball 1-2: Ball 2-2: Foul Ball, location: 2F 2-2: Foul Ball, location: 2F 2-2: Strikes out swinging
|
|
Batting: SHB Josh Thomson
|
0-0: Ball 1-0: Called Strike 1-1: Ball 2-1: Called Strike 2-2: Ground out 4-3 (Groundball, 4, EV 106.9 MPH)
|
| Bottom of the 8th over - 0 runs, 0 hits, 0 errors, 0 left on base; Johnson City 5 - Kingsport 1 |
| TOP OF THE 9TH |
|
Johnson City Cardinals batting - Pitching for Kingsport Mets : LHP Tony Diaz
|
|
Pitching: LHP Mike Mathews
|
|
|
Batting: RHB Pablo Nunez
|
0-0: Called Strike 0-1: Ball 1-1: Swinging Strike 1-2: Ground out 3-1 (Groundball, 34, EV 96.2 MPH)
|
|
Batting: RHB Geoff Musico
|
0-0: Called Strike 0-1: Swinging Strike 0-2: Foul Ball, location: 2F 0-2: Strikes out swinging, 2-3 out at first.
|
|
Batting: RHB Juan Carrillo
|
0-0: Ball 1-0: Foul Ball, location: 2F 1-1: Ball 2-1: Swinging Strike 2-2: Ball 3-2: Foul Ball, location: 2F 3-2: SINGLE (Flyball, 3D, EV 84.4 MPH)
|
|
Batting: RHB Kyle Burns
|
0-0: Called Strike Juan Carrillo is caught stealing 2nd base 2-4
|
| Top of the 9th over - 0 runs, 1 hit, 0 errors, 0 left on base; Johnson City 5 - Kingsport 1 |
| BOTTOM OF THE 9TH |
|
Kingsport Mets batting - Pitching for Johnson City Cardinals : RHP Nick Durham
|
|
Batting: RHB Michael Youngberry
|
0-0: Swinging Strike 0-1: Ball 1-1: Ball 2-1: Foul Ball, location: 2F 2-2: Strikes out looking
|
|
Batting: RHB Artyom Shavkunov
|
0-0: Foul Ball, location: 2F 0-1: Called Strike 0-2: Ball 1-2: Ball 2-2: Ball 3-2: Base on Balls
|
|
Batting: SHB Tyler Maddux
|
0-0: Ball 1-0: Called Strike 1-1: DOUBLE (Line Drive, 7LS, EV 103.8 MPH) Artyom Shavkunov to third
|
|
Pitching: RHP Emmanuel Godfrey
|
|
|
Batting: SHB Nick Daigle
|
0-0: Called Strike 0-1: Swinging Strike 0-2: Ball 1-2: Ball 2-2: Foul Ball, location: 2F 2-2: SINGLE (Line Drive, 78S, EV 94.4 MPH) Artyom Shavkunov scores Tyler Maddux to third
|
|
Batting: RHB Enrique Aguirre
|
0-0: Ball 1-0: Reached on error, E2 (Groundball, 2L, EV 75.0 MPH) Tyler Maddux scores Nick Daigle to second
|
|
Batting: SHB Adonis Jones
|
0-0: Fielders Choice at 2nd, 3-6 (Groundball, 34S, EV 95.0 MPH) Nick Daigle to third
|
|
Pinch Hitting: SHB Keith Casner
|
0-0: Called Strike 0-1: Ball 1-1: Ground out 6-3 (Groundball, 56D, EV 97.5 MPH)
|
| Bottom of the 9th over - 2 runs, 2 hits, 1 error, 2 left on base; Johnson City 5 - Kingsport 3 |
|